 Dungeon Crawl Stone Soup version 0.23.2-40-g277498a (webtiles) character file.

Game seed: 749924522637234898

21 authtix2005 the Ruffian (level 2, 0/23 HPs)
             Began as a Draconian Transmuter on Sept 12, 2019.
             Slain by a hobgoblin
             ... wielding a +0 club
              (4 damage)
             ... on level 2 of the Dungeon.
             The game lasted 00:09:24 (1098 turns).

authtix2005 the Ruffian (Draconian Transmuter)      Turns: 1098, Time: 00:09:25

Health: 0/23       AC:  4    Str: 12    XL:     2   Next: 65%
Magic:  5/5        EV: 12    Int: 13    God:
Gold:   33         SH:  0    Dex: 11    Spells: 4/5 levels left

rFire    . . .     SeeInvis .   e - +3 short sword
rCold    . . .     Gourm    .   (no shield)
rNeg     . . .     Faith    .   (armour unavailable)
rPois    .         Spirit   .   (helmet restricted)
rElec    .         Reflect  .   (no cloak)
rCorr    .         Harm     .   (no gloves)
MR       .....                  (no boots)
Stlth    +.........             (no amulet)
HPRegen  0.07/turn              (no ring)
MPRegen  0.09/turn              (no ring)

@: no status effects
A: unfitting armour, cold-blooded, AC +4
a: no special abilities


You were on level 2 of the Dungeon.
You were hungry.

You visited 1 branch of the dungeon, and saw 2 of its levels.

You collected 33 gold pieces.

Inventory:

Hand Weapons
 d - a +0 club
 e - a +3 short sword (weapon)
 h - a +0 club
 l - a +0 mace
 n - a +0 hunting sling
 q - a +0 flail
Missiles
 a - 12 arrows
 m - 9 poisoned needles
Armour
 r - a +0 chain mail
Scrolls
 f - a scroll of random uselessness {unknown}
 j - a scroll of fog {unknown}
 k - a scroll of identify {unknown}
Potions
 b - 2 potions of haste {unknown}
 g - a potion of curing {unknown}
Comestibles
 c - 2 rations
 o - a chunk of flesh


   Skills:
 + Level 1.1 Fighting
 + Level 0.6 Maces & Flails
 + Level 2.1 Dodging
 + Level 3.1 Unarmed Combat
 + Level 2.2 Spellcasting
 + Level 2.4 Transmutations


You had 4 spell levels left.
You knew the following spells:

 Your Spells              Type           Power        Failure   Level  Hunger
a - Beastly Appendage     Tmut           #.....       10%         1    ##.....

Your spell library contained the following spells:

 Spells                   Type           Power        Failure   Level  Hunger
 Sticks to Snakes         Tmut           #.......     14%         2    ###....
 Spider Form              Tmut/Pois      #.........   41%         3    ####...
 Ice Form                 Ice/Tmut       #.......     83%         4    #####..
 Blade Hands              Tmut           #.........   95%         5    ######.


Dungeon Overview and Level Annotations

Branches:
Dungeon (2/15)

Altars:
Ru


Innate Abilities, Weirdness & Mutations

Your plain brown scales are hard. (AC +4)
You cannot fit into any form of body armour.
You are cold-blooded and may be slowed by cold attacks.


Message History

The kobold hits you.
* * * LOW HITPOINT WARNING * * *
The hobgoblin closely misses you. The kobold closely misses you.
Throwing (i - inventory)
p - a tomahawk (quivered)
Press: ? - help, Shift-Dir - straight line, f/p - hobgoblin
Aim: a hobgoblin, wielding a +0 club (lightly wounded)
You throw a tomahawk. The tomahawk hits the hobgoblin.
The hobgoblin is moderately wounded.
The hobgoblin closely misses you. The kobold closely misses you.
The hobgoblin barely misses you.
The kobold throws a stone.
The stone misses you. The hobgoblin barely misses you.
A rat comes into view.
Found a sacrificial altar of Ru.
The hobgoblin hits you with a +0 club.
* * * LOW HITPOINT WARNING * * *
You barely miss the hobgoblin.
The hobgoblin is lightly wounded.
The rat closely misses you. The hobgoblin hits you with a +0 club.
You die...

.....#..K.....# #. #.≈≈
#..#####.# #. #≈.. #.##
#.# #. #≈._. #. #.# #.
#≈... #. #.# #. # ≈≈≈.#.
#.# #. #.. ..#.
#.#########÷
#...#.#######..........<
#..r@gK.......######.
#...##########.# #.
....... #.# #. ######.
#.# #. #. #.# ####. #.
##.###.... #. #...##.##.
#. #...#...#. #.......w.


You could see a hobgoblin, a kobold and a rat.

Vanquished Creatures
  2 dart slugs (D:1)
  A leopard gecko (D:2)
  A bat (D:2)
  A goblin (D:1)
  3 hobgoblins (D:1)
  3 frilled lizards
  2 kobolds (D:1)
  4 rats
17 creatures vanquished.

Notes
Turn   | Place    | Note
-------+----------+-------------------------------------------
     0 | D:1      | authtix2005 the Draconian Transmuter began the quest for
                  | the Orb.
     0 | D:1      | Reached XP level 1. HP: 16/16 MP: 3/3
   285 | D:1      | Reached XP level 2. HP: 23/23 MP: 5/5
  1096 | D:2      | Found a sacrificial altar of Ru.
  1098 | D:2      | Slain by a hobgoblin

Skill      XL: |  1  2 |
---------------+-------+-----
Dodging        | 2 |  2.1
Fighting       | |  1.1
Maces & Flails | |  0.6
Unarmed Combat | |  3.1
Spellcasting   | |  2.2
Transmutations | |  2.4

Action                   || total
-------------------------++-------
Melee: Club              ||    34
       Unarmed           ||     5
       Tailslap          ||     8
       Short sword       ||    27
Throw: Stone             ||    13
       Tomahawk          ||     2
Armor: Skin              ||    24
Dodge: Dodged            ||    69
